 Dungeon Crawl Stone Soup version 0.29.0-4-gdea44cf6ec (webtiles) character file.

Game seed: 10980957234573688598

255 qw the Chopper (level 5, -4/46 HPs)
             Began as a Minotaur Fighter on Sept 9, 2022.
             Slain by a gnoll
             ... wielding a +0 spear
              (6 damage)
             ... on level 3 of the Dungeon.
             The game lasted 00:00:50 (2350 turns).

qw the Chopper (Minotaur Fighter)                   Turns: 2350, Time: 00:00:50

Health: -4/46      AC:  6    Str: 22    XL:     5   Next: 91%
Magic:  4/4        EV:  9    Int:  5    God:
Gold:   136        SH:  4    Dex: 10    Spells: 4/4 levels left

rFire   . . .      SeeInvis .   Y - +0 war axe
rCold   . . .      Faith    .   c - +0 buckler
rNeg    . . .      Spirit   .   b - +0 scale mail
rPois   .          Reflect  .   (helmet restricted)
rElec   .          Harm     .   (no cloak)
rCorr   .          Rampage  .   (no gloves)
Will    .....                   (no boots)
Stlth   ..........              (no amulet)
HPRegen 0.15/turn               (no ring)
MPRegen 0.09/turn               (no ring)

@: lethally poisoned (-4 -> -16), about to teleport
A: horns 2, retaliatory headbutt
a: no special abilities


You were on level 3 of the Dungeon.
You visited 1 branch of the dungeon, and saw 3 of its levels.

You collected 136 gold pieces.


Innate Abilities, Weirdness & Mutations

You have a pair of horns on your head.
You reflexively headbutt those who attack you in melee.


   Skills:
 + Level 3.9 Fighting
 - Level 7.2 Axes
 - Level 3.6 Armour
 - Level 1.0 Dodging
 - Level 3.6 Shields


You had 4 spell levels left.
You didn't know any spells.
Your spell library was empty.

Inventory:

Hand Weapons
 e - a +0 club
 Y - a +0 war axe (weapon)
Armour
 b - a +0 scale mail (worn)
 c - a +0 buckler (worn)
Potions
 a - a potion of flight {unknown}
 d - a potion of might
 f - a potion of brilliance {unknown}
 g - a potion of haste {unknown}

Dungeon Overview and Level Annotations

Branches:
Dungeon (3/15)

Altars:


Message History

You are poisoned.
You closely miss the gnoll.
The gnoll is heavily wounded.
You feel sick.
The gnoll hits you but does no damage. x2
You barely miss the gnoll.
You headbutt the gnoll, but do no damage.
The gnoll is heavily wounded.
You hit the gnoll.
You feel sick. The gnoll hits you but does no damage.
The gnoll hits you with a +0 whip of venom!
You are more poisoned.
You block the gnoll's attack.
You closely miss the gnoll. Your headbutt misses the gnoll.
The gnoll is heavily wounded.
You hit the gnoll but do no damage.
You feel very sick. The gnoll barely misses you. The gnoll closely misses you.
The gnoll barely misses you.
The gnoll hits you with a +0 whip of venom.
The gnoll hits you with a +0 whip of venom!
The gnoll hits you from afar with a +0 spear!
The gnoll hits you from afar with a +0 spear.
The gnoll misses you. You furiously retaliate!
You headbutt the gnoll!
You kill the gnoll!
You closely miss the gnoll.
The gnoll is heavily wounded.
You feel very sick. You block the gnoll's attack.
The gnoll hits you from afar with a +0 spear.
The gnoll completely misses you.
2349 ||| READING scroll of teleportation.
As you read the scroll of teleportation, it crumbles to dust.
You feel strangely unstable.
You feel sick. The gnoll barely misses you. x3
You barely miss the gnoll. Your headbutt misses the gnoll.
The gnoll is heavily wounded.
You feel sick. The gnoll hits you but does no damage.
You are more poisoned.
The gnoll hits you from afar with a +0 spear.
You die...

######........####
.....)........+.>#
######........##.#
#........##.#
#........##.###
####..##..##'#./...#
..#........#.#...#.#
.............).....#
.............#.#@###
..#...>....#...)g#
..#........#.##gg#
##...............#
... ..... ... ......
..##...... ..<.....


You could see 3 gnolls.

Vanquished Creatures
  Pargi (D:3)
  A scorpion (D:3)
  A gnoll (D:3)
  3 adders
  A worm (D:3)
  2 dart slugs
  2 ball pythons
  7 endoplasms
  A giant cockroach (D:1)
  7 goblins
  6 hobgoblins
  5 jackals (D:2)
  4 kobolds
  A quokka (D:3)
  5 bats
  A frilled lizard (D:2)
  9 rats
57 creatures vanquished.

Vanquished Creatures (others)
  6 plants (D:2)
  13 withered plants (D:2)
19 creatures vanquished.

Grand Total: 76 creatures vanquished

Notes
Turn   | Place    | Note
-------+----------+-------------------------------------------
     0 | D:1      | qw the Minotaur Fighter began the quest for the Orb.
     0 | D:1      | Reached XP level 1. HP: 19/19 MP: 0/0
     0 | D:1      | 0 ||| qw: Version: 0.1-a-112-g44dc6cd
     0 | D:1      | 0 ||| qw: Game counter: 6881
     0 | D:1      | 0 ||| qw: Always use a shield: true
     0 | D:1      | 0 ||| qw: God list: Ru
     0 | D:1      | 0 ||| qw: Allow faded altars: false
     0 | D:1      | 0 ||| qw: Do Orc after D:15 true
     0 | D:1      | 0 ||| qw: Do second Lair branch before Depths: true
     0 | D:1      | 0 ||| qw: Lair rune preference: random
     0 | D:1      | 0 ||| qw: Plans: Normal
     0 | D:1      | 0 ||| PLANNING D:1-11
   152 | D:1      | Reached skill level 3 in Axes
   240 | D:1      | Reached XP level 2. HP: 26/26 MP: 1/1
   816 | D:1      | 816 ||| READING scroll labelled HIETRA TIOLAL.
   817 | D:1      | 817 ||| READING scroll labelled CAACKEINOS.
   822 | D:1      | 822 ||| DRINKING 2 sapphire potions.
   923 | D:1      | 923 ||| DROPPING potion of ambrosia.
   964 | D:2      | 964 ||| Stepping ~*~*~tactically~*~*~ (stealth).
  1007 | D:2      | Reached skill level 4 in Axes
  1098 | D:2      | 1098 ||| Stepping ~*~*~tactically~*~*~ (stealth).
  1100 | D:2      | Reached XP level 3. HP: 31/31 MP: 2/2
  1103 | D:2      | 1103 ||| Stepping ~*~*~tactically~*~*~ (stealth).
  1398 | D:2      | 1398 ||| Stepping ~*~*~tactically~*~*~ (stealth).
  1399 | D:2      | 1399 ||| Stepping ~*~*~tactically~*~*~ (stealth).
  1401 | D:2      | 1401 ||| Stepping ~*~*~tactically~*~*~ (stealth).
  1549 | D:2      | Found a faded altar of an unknown god.
  1625 | D:2      | Reached skill level 5 in Axes
  1982 | D:2      | 1982 ||| READING scroll labelled ILIADE LALEW.
  2026 | D:3      | 2026 ||| STAIRDANCE
  2029 | D:2      | Reached XP level 4. HP: 37/39 MP: 3/3
  2046 | D:3      | 2046 ||| STAIRDANCE
  2053 | D:3      | 2053 ||| STAIRDANCE
  2058 | D:3      | 2058 ||| Stepping ~*~*~tactically~*~*~ (stealth).
  2061 | D:3      | 2061 ||| Stepping ~*~*~tactically~*~*~ (hiding).
  2066 | D:3      | Reached skill level 1 in Dodging
  2069 | D:3      | Noticed a scorpion
  2070 | D:3      | 2070 ||| Stepping ~*~*~tactically~*~*~ (stealth).
  2071 | D:3      | 2071 ||| Stepping ~*~*~tactically~*~*~ (stealth).
  2079 | D:3      | Killed a scorpion
  2080 | D:3      | Reached skill level 6 in Axes
  2080 | D:3      | Reached XP level 5. HP: 37/45 MP: 4/4
  2152 | D:3      | Noticed Pargi
  2153 | D:3      | 2153 ||| Stepping ~*~*~tactically~*~*~ (stealth).
  2154 | D:3      | 2154 ||| Stepping ~*~*~tactically~*~*~ (stealth).
  2167 | D:3      | Killed Pargi
  2168 | D:3      | Reached skill level 7 in Axes
  2319 | D:3      | 2319 ||| Stepping ~*~*~tactically~*~*~ (stealth).
  2341 | D:3      | 2341 ||| Stepping ~*~*~tactically~*~*~ (stealth).
  2348 | D:3      | HP: 11/46 [poisoned by a gnoll]
  2349 | D:3      | 2349 ||| READING scroll of teleportation.
  2349 | D:3      | HP: 4/46 [poisoned by a gnoll]
  2350 | D:3      | Slain by a gnoll

Levels and vault maps discovered:
D:1:      amcnicky_arrival_double_pillar, layout_loops_corners
D:2:      layout_basic, shapermc_ecumenical_altar_flowoftime,
          corexii_corridor_pit, minivault_19, hangedman_decor_clover_reticule
D:3:      layout_basic, nemelex_dance_club_becter, serial_park_tiny_pond,
          minivault_11, st_stairs_5, minmay_strange_pillars,
          serial_park_tiny_pond, uniq_pargi

Skill      XL: |  1  2  3  4  5 |
---------------+----------------+-----
Axes           | 3 4 5 6 7 |  7.2
Dodging        | 1 |  1.0
Fighting       | |  3.9
Armour         | |  3.6
Shields        | |  3.6

Action                   |  1- 3 |  4- 6 || total
-------------------------+-------+-------++-------
Melee: War axe           |    73 |    31 ||   104
       Headbutt          |    11 |     6 ||    17
  Use: Scroll            |     3 |     1 ||     4
       Potion            |     1 |       ||     1
Armor: Scale mail        |    25 |    21 ||    46
Dodge: Dodged            |    19 |    20 ||    39
Block: Buckler           |    16 |    10 ||    26

Table legend:
 A = Non-vault XP
 B = Vault XP
 C = Vault XP percentage of total XP
 D = Non-vault monster count
 E = Vault monster count
 F = Vault count percentage of total count
                 A         B        C        D         E       F
            +---------+---------+-------+---------+---------+-------
      Total |     225 |     140 |  38.4 |      53 |       4 |   7.0
            +---------+---------+-------+---------+---------+-------
        D:1 |      24 |       0 |   0.0 |      13 |       0 |   0.0
        D:2 |      77 |       0 |   0.0 |      33 |       0 |   0.0
        D:3 |     124 |     140 |  53.0 |       7 |       4 |  36.4
            +---------+---------+-------+---------+---------+-------
